 Dungeon Crawl Stone Soup version 0.28.0-53-g5a82cb258f (webtiles) character file.

Game seed: 16262753331352401873

1705 SanguineChosen the Cleaver (level 8, -6/71 HPs)
             Began as a Minotaur Berserker on Aug 10, 2022.
             Was a Priest of Trog.
             Killed by vampiric draining
             ... invoked by a vampire
              (12 damage)
             ... on level 6 of the Dungeon.
             The game lasted 00:18:10 (6543 turns).

SanguineChosen the Cleaver (Minotaur Berserker)     Turns: 6543, Time: 00:18:10

Health: -6/71      AC: 14    Str: 25    XL:     8   Next: 73%
Magic:  7/7        EV: 13    Int:  4    God:    Trog [***...]
Gold:   184        SH:  0    Dex:  9    Spells: 7/7 levels left

rFire   . . .      SeeInvis .   a - +0 hand axe
rCold   . . .      Faith    .   (no shield)
rNeg    . . .      Spirit   .   n - +0 chain mail
rPois   .          Reflect  .   (helmet restricted)
rElec   .          Harm     .   (no cloak)
rCorr   .          Rampage  .   m - +2 pair of gloves
Will    ++...                   (no boots)
Stlth   ..........              (no amulet)
HPRegen 1.21/turn               y - +4 ring of evasion
MPRegen 0.10/turn               (no ring)

@: strong-willed, regenerating
A: horns 2, retaliatory headbutt
a: Renounce Religion, Berserk, Trog's Hand


You were on level 6 of the Dungeon.
You worshipped Trog.
Trog was most pleased with you.
You visited 1 branch of the dungeon, and saw 6 of its levels.

You collected 184 gold pieces.

Inventory:

Hand Weapons
 a - a +0 hand axe (weapon)
 c - a +2 mace of draining
 u - a +2 antimagic mace
Armour
 e - a +0 scale mail
 m - a +2 pair of gloves (worn)
 n - a +0 chain mail (worn)
Jewellery
 j - an amulet of faith
 y - a +4 ring of evasion (left hand)
Wands
 q - a wand of flame (41)
Scrolls
 d - a scroll of amnesia {unknown}
 f - 2 scrolls of acquirement {unknown}
 h - 2 scrolls of teleportation {unknown}
 k - a scroll of brand weapon {unknown}
 r - a scroll of noise {unknown}
 s - a scroll of vulnerability {unknown}
 v - a scroll of immolation {unknown}
 w - a scroll of enchant weapon {unknown}
Potions
 b - a potion of haste {unknown}
 g - a potion of might
 i - a potion of ambrosia {unknown}
 l - 2 potions of brilliance {unknown}
 o - 3 potions of lignification {unknown}
 p - a potion of invisibility {unknown}
 t - a potion of flight {unknown}
 x - a potion of cancellation {unknown}


   Skills:
 + Level 6.7 Fighting
 + Level 9.2 Axes
 + Level 8.0 Armour
 + Level 4.2 Dodging


You had 7 spell levels left.
You didn't know any spells.
Your spell library was empty.

Dungeon Overview and Level Annotations

Branches:
Dungeon (6/15)             Temple (0/1) D:5

Altars:
Dithmenos
Elyvilon
Makhleb


Innate Abilities, Weirdness & Mutations

You have a pair of horns on your head.
You reflexively headbutt those who attack you in melee.


Message History

The vampire is almost destroyed.
You hit the vampire but do no damage.
The vampire is almost destroyed.
The vampire misses you.
The vampire bites you but does no damage.
You hit the vampire but do no damage.
The vampire is almost destroyed.
The vampire draws life force from you!
The vampire is healed by the life force!
You hit the vampire.
You headbutt the vampire, but do no damage.
The vampire is severely damaged.
The vampire closely misses you. The vampire bites you.
The vampire draws strength from your injuries!
You hit the vampire.
The vampire is severely damaged.
The vampire gestures wildly while chanting.
The vampire flickers and vanishes!
Deactivating autopickup; reactivate with Ctrl-A.
You miss something. Something barely misses you. Something bites you.
Something draws strength from your injuries!
You hit something but do no damage. Your headbutt misses something.
You hit something. Your headbutt misses something. Something hits you.
Something bites you.
Something draws strength from your injuries!
You closely miss something. Something hits you. Something bites you.
* * * LOW HITPOINT WARNING * * *
Something draws strength from your injuries!
You miss something. You headbutt something!
Something draws life force from you!
* * * LOW HITPOINT WARNING * * *
You miss something. Something hits you but does no damage.
Something bites you but does no damage.
Your skin crawls.
You feel strong-willed. Something hits you but does no damage.
Something bites you!
* * * LOW HITPOINT WARNING * * *
Something draws strength from your injuries!
You hit something but do no damage. Something draws life force from you!
You die...

#............##...##....
#............#.......##.
.............#.......##.
............ #.......##.
..........# #.......##.
..........# #..........
..........# #..........
.......{..# #..........
.......@..####..........
................###.....
................###.....
..###...................
. ####........###.....
...............<..
#..####...##.#..... ...#
##..##....... ...
#.#####.....


There were no monsters in sight!

Vanquished Creatures
  Pikel (D:5)
  Grinder (D:4)
  Sigmund (D:4)
  A necrophage (D:5)
  A centaur (D:5)
  2 lemures (D:5)
  A wyvern zombie (D:6)
  2 scorpions
  A water moccasin zombie (D:5)
  A howler monkey (D:4)
  A bullfrog zombie (D:5)
  A hound (D:4)
  2 jellies
  4 iguanas
  2 orc wizards (D:3)
  A howler monkey skeleton (D:4)
  6 adders
  2 white imps
  An ufetubus (D:5)
  An adder skeleton (D:4)
  3 worms
  2 dart slugs
  13 orcs
  6 endoplasms
  4 giant cockroaches
  6 goblins
  7 hobgoblins
  8 jackals
  4 kobolds
  A quokka (D:1)
  11 ball pythons
  10 bats
  5 frilled lizards
  6 rats
119 creatures vanquished.

Notes
Turn   | Place    | Note
-------+----------+-------------------------------------------
     0 | D:1      | SanguineChosen the Minotaur Berserker began the quest for
                  | the Orb.
     0 | D:1      | Reached XP level 1. HP: 19/19 MP: 0/0
   236 | D:1      | Reached XP level 2. HP: 27/27 MP: 1/1
   290 | D:1      | Reached skill level 4 in Axes
   590 | D:1      | Found a faded altar of an unknown god.
  1007 | D:1      | Reached XP level 3. HP: 31/33 MP: 2/2
  1105 | D:2      | Reached ** piety under Trog
  1946 | D:2      | Reached XP level 4. HP: 27/41 MP: 3/3
  2194 | D:2      | Reached skill level 5 in Axes
  2993 | D:3      | Reached XP level 5. HP: 47/47 MP: 4/4
  3016 | D:3      | Found a shadowy altar of Dithmenos.
  3366 | D:3      | Reached *** piety under Trog
  3674 | D:4      | Identified the +1 leather armour of Ofofue {+Inv Will+
                  | MP+9}
  3679 | D:4      | Reached XP level 6. HP: 45/55 MP: 5/5
  3680 | D:4      | Reached skill level 6 in Axes
  3697 | D:4      | Noticed Grinder
  3709 | D:4      | Paralysed by Grinder for 2 turns
  3730 | D:4      | Killed Grinder
  3731 | D:4      | Reached skill level 5 in Fighting
  3731 | D:4      | Reached skill level 5 in Armour
  4013 | D:4      | Reached XP level 7. HP: 57/61 MP: 6/6
  4111 | D:4      | Noticed Sigmund
  4126 | D:4      | Killed Sigmund
  4127 | D:4      | Reached skill level 7 in Axes
  4266 | D:5      | Entered Level 5 of the Dungeon
  4542 | D:5      | Found a staircase to the Ecumenical Temple.
  4712 | D:5      | Reached skill level 8 in Axes
  4755 | D:5      | Reached XP level 8. HP: 44/70 MP: 7/7
  4948 | D:5      | Found a white marble altar of Elyvilon.
  5575 | D:5      | Noticed Pikel
  5596 | D:5      | Killed Pikel
  5597 | D:5      | Reached skill level 9 in Axes
  6392 | D:6      | Found a burning altar of Makhleb.
  6543 | D:6      | Killed from afar by a vampire

Illustrated notes

Levels and vault maps discovered:
D:1:      saegor_arrival_simple_b, layout_basic,
          chequers_ecumenical_altar_simple_redux,
          nicolae_concentric_dashed_squares_mild, minmay_misc_feat_alley,
          serial_bayou_pond_a, minmay_heptomino_h4
D:2:      layout_basic, chequers_serial_rivers_large_b
D:3:      layout_basic, mainiacjoe_overflow_small_starburst, serial_glass,
          glass_columns_c, glass_columns_a, glass_columns_a, glass_columns_a,
          glass_columns_c, glass_columns_c, glass_columns_c, glass_columns_a,
          glass_columns_a, glass_columns_a, glass_columns_a, glass_columns_b,
          glass_columns_a, glass_columns_b, item_on_display_a
D:4:      layout_cave_pools, uniq_grinder, uniq_sigmund
D:5:      layout_layer_cave, elyvilon_altar_3, minmay_temple_entry_large_hall,
          hangedman_abyss_or_decor_jellyfish_corner, uniq_pikel
D:6:      layout_basic, mainiacjoe_overflow_concentric_impassable,
          nrook_mini_vaults, minmay_joined_circles

Skill      XL: |  1  2  3  4  5  6  7  8 |
---------------+-------------------------+-----
Axes           | 4 5 6 8 9 |  9.2
Fighting       | 4 5 6 |  6.7
Armour         | 3 4 5 6 8 |  8.0
Dodging        | 3 4 |  4.2

Action                   |  1- 3 |  4- 6 |  7- 9 || total
-------------------------+-------+-------+-------++-------
Melee: Hand axe          |   104 |   128 |   173 ||   405
       Headbutt          |    16 |    20 |    37 ||    73
       Punch             |     2 |     1 |     3 ||     6
Invok: Trog's Hand       |       |     2 |     3 ||     5
  Use: Scroll            |       |     3 |     2 ||     5
       Potion            |       |       |     2 ||     2
Armor: Animal skin       |     4 |       |       ||     4
       Scale mail        |    33 |    77 |    28 ||   138
       Chain mail        |       |       |    23 ||    23
Dodge: Dodged            |    55 |    71 |   100 ||   226
